Workbook
Name compte: '[1]Bilan ouverture'!$A$18:$A$49
Name comptes: '[1]Bilan ouverture'!$A$18:$A$50
Name d.comptes: [2]!t_Comptes[LIBELLES]
Name date: [1]Journal!$O$1:$O$365
Name toto: [3]!t_Comptes[LIBELLES]

Sheet Feuil1
A1: MOIS | B1: Recettes | C1: Dépenses | D1: Trésorerie
A2: NOVEMBRE 2023 | B2: =Feuil2!B2 -> 500 | C2: =Feuil2!C2 -> 200 | D2: =(B2-C2) -> 300
A3: DECEMBRE 2023 | B3: =Feuil2!B3 -> 400 | C3: =Feuil2!C3 -> 140 | D3: =IF(SUM(B3:C3)=0,"",D2+B3-C3) -> 560
A4: JANVIER 2024 | B4: =Feuil2!B4 -> 650 | C4: =Feuil2!C4 -> 100 | D4: =IF(SUM(B4:C4)=0,"",D3+B4-C4) -> 1110
A5: FEVRIER 2024 | B5: =Feuil2!B5 -> 0 | C5: =Feuil2!C5 -> 0 | D5: =IF(SUM(B5:C5)=0,"",D4+B5-C5)
A6: MARS 2024 | B6: =Feuil2!B6 -> 200 | C6: =Feuil2!C6 -> 0 | D6: =IF(SUM(B6:C6)=0,"",D5+B6-C6) -> #VALUE!
A7: AVRIL 2024 | B7: =Feuil2!B7 -> 0 | C7: =Feuil2!C7 -> 55 | D7: =IF(SUM(B7:C7)=0,"",D6+B7-C7) -> #VALUE!
A8: MAI 2024 | B8: =Feuil2!B8 -> 0 | C8: =Feuil2!C8 -> 0 | D8: =IF(SUM(B8:C8)=0,"",D7+B8-C8)
A9: JUIN 2024 | B9: =Feuil2!B9 -> 0 | C9: =Feuil2!C9 -> 0 | D9: =IF(SUM(B9:C9)=0,"",D8+B9-C9)
A10: JUILLET 2024 | B10: =Feuil2!B10 -> 0 | C10: =Feuil2!C10 -> 0 | D10: =IF(SUM(B10:C10)=0,"",D9+B10-C10)
A11: AOUT 2024 | B11: =Feuil2!B11 -> 0 | C11: =Feuil2!C11 -> 0 | D11: =IF(SUM(B11:C11)=0,"",D10+B11-C11)
A12: SEPTEMBRE 2024 | B12: =Feuil2!B12 -> 0 | C12: =Feuil2!C12 -> 0 | D12: =IF(SUM(B12:C12)=0,"",D11+B12-C12)
A13: OCTOBRE 2024 | B13: =Feuil2!B13 -> 0 | C13: =Feuil2!C13 -> 0 | D13: =IF(SUM(B13:C13)=0,"",D12+B13-C13)
A14: NOVEMBRE 2024 | B14: =Feuil2!B14 -> 0 | C14: =Feuil2!C14 -> 0 | D14: =IF(SUM(B14:C14)=0,"",D13+B14-C14)
A15: TOTAUX | B15: =SUM(B2:B14) -> 1750 | C15: =SUM(C2:C14) -> 495
A16: SOLDE ANNEE | B16: =B15-C15 -> 1255

Sheet Feuil2
A1: MOIS | B1: Recettes | C1: Dépenses
A2: NOVEMBRE 2023 | B2: 500 | C2: 200
A3: DECEMBRE 2023 | B3: 400 | C3: 140
A4: JANVIER 2024 | B4: 650 | C4: 100
A5: FEVRIER 2024
A6: MARS 2024 | B6: 200
A7: AVRIL 2024 | C7: 55
A8: MAI 2024
A9: JUIN 2024
A10: JUILLET 2024
A11: AOUT 2024
A12: SEPTEMBRE 2024
A13: OCTOBRE 2024
A14: NOVEMBRE 2024
